 Dungeon Crawl Stone Soup version 0.29-a0-384-g6960b1960d (webtiles) character file.

Game seed: 9644373122969325827

211 TinyBigBoy the Ruffian (level 5, -1/53 HPs)
             Began as a Troll Berserker on May 7, 2022.
             Was a Believer of Trog.
             Slain by a goblin
             ... wielding a +0 rapier of protection
              (4 damage)
             ... on level 4 of the Dungeon.
             The game lasted 00:18:02 (2591 turns).

TinyBigBoy the Ruffian (Troll Berserker)            Turns: 2591, Time: 00:18:03

Health: -1/53      AC:  1    Str: 27    XL:     5   Next: 57%
Magic:  4/4        EV: 10    Int:  3    God:    Trog [**....]
Gold:   169        SH:  0    Dex:  9    Spells: 4/4 levels left

rFire   + . .      SeeInvis .     - Unarmed
rCold   x . .      Faith    .   (no shield)
rNeg    + . .      Spirit   .   a - +0 animal skin
rPois   .          Reflect  .   (helmet restricted)
rElec   .          Harm     .   d - +0 cloak
rCorr   .          Rampage  .   (gloves unavailable)
Will    ++...                   (boots unavailable)
Stlth   +.........              (no amulet)
HPRegen 1.97/turn               h - ring of fire
MPRegen 0.09/turn               i - ring of positive energy

@: strong-willed, corroded, regenerating
A: large, unfitting armour, claws 3, regeneration 1, shaggy fur 1, tough skin 1
a: Renounce Religion, Berserk, Trog's Hand


You were on level 4 of the Dungeon.
You worshipped Trog.
Trog was pleased with you.
You visited 2 branches of the dungeon, and saw 5 of its levels.

You collected 169 gold pieces.

Inventory:

Hand Weapons
 c - a +0 hand axe
Missiles
 o - a throwing net (quivered)
Armour
 a - a +0 animal skin (worn)
 b - a +0 ring mail
 d - a +0 cloak (worn)
 g - a +0 plate armour
Jewellery
 h - a ring of fire (left claw)
 i - a ring of positive energy (right claw)
Wands
 j - a wand of digging (6)
Scrolls
 k - a scroll of silence
 m - a scroll of magic mapping
Potions
 e - a potion of cancellation {unknown}
 f - 4 potions of degeneration
 l - a potion of attraction {unknown}
 n - a potion of curing {unknown}
 p - a potion of brilliance {unknown}


   Skills:
 + Level 3.0 Fighting
 + Level 3.3 Dodging
 + Level 0.6 Stealth
 + Level 4.9 Unarmed Combat


You had 4 spell levels left.
You didn't know any spells.
Your spell library contained the following spells:

 Spells                   Type           Power      Damage    Failure   Level
 Sublimation of Blood     Necr           0%         N/A       67%         2
 Wereblood                Tmut           0%         N/A       67%         2
 Summon Hydra             Summ           0%         N/A       100%        7


Dungeon Overview and Level Annotations

Branches:
Dungeon (4/15)             Temple (1/1) D:4

Altars:
Ashenzari
Dithmenos
Fedhas
Gozag
Hepliaklqana
Nemelex Xobeh
Okawaru
Qazlal
Ru
Sif Muna
Vehumet
Xom
Zin
The Shining One


Innate Abilities, Weirdness & Mutations

You are too large for most types of armour.
You have claws for hands.
Your natural rate of healing is unusually fast.
You are covered in fur. (AC +1)
You have tough skin. (AC +1)


Message History

The hobgoblin is almost dead.
The hobgoblin hits you.
You scratch the hobgoblin but do no damage.
The hobgoblin is almost dead.
The hobgoblin barely misses you.
You scratch the hobgoblin.
You kill the hobgoblin!
Trog accepts your kill.
Found a club.
Found a robe.
A goblin comes into view. It is wielding a +0 club.
The goblin shouts!
You closely miss the goblin. The goblin closely misses you.
You barely miss the goblin. The goblin barely misses you.
You barely miss the goblin. You claw the goblin!
You kill the goblin!
Trog accepts your kill.
Found a stone staircase leading up.
p - a fuming red potion
Things that are here:
a +0 club; a gnoll skeleton
Things that are here:
a +0 spear; a +0 whip; a gnoll skeleton
Found a spear.
You see here a +0 spear.
A goblin comes into view.
It is wielding a +0 rapier of protection and carrying a wand of acid (14).
The goblin shouts!
The goblin zaps a wand.
The bolt of acid hits you!! The acid corrodes you!
The goblin hits you with a +0 rapier of protection.
You closely miss the goblin.
The goblin hits you with a +0 rapier of protection.
You closely miss the goblin.
The goblin hits you with a +0 rapier of protection.
You barely miss the goblin.
The goblin zaps a wand.
The bolt of acid hits you!!
* * * LOW HITPOINT WARNING * * *
Your skin crawls.
You feel strong-willed.
The goblin hits you with a +0 rapier of protection.
You die...

.........##...#...# .## #.
#####.....#..##.8.# ...## #.
#........##.....# .... #.
#.......##..#.#..##.#.# #.
#..........##.##....#.# #.
#.........##...##...#.###.
..........8....>....8.#.##..
.##.##......##...##...#.##.#
#.......g@.##.##:.....#...
........##..#.#..##...#.#.
##........##.....##......#.
.......#[ ##.8.##.^##)####
.)... ...#...#..###...#.
............)...# ###.#) #
###.#######.# #.)) .. #.#
##.# # #.# ##.#


You could see a goblin.

Vanquished Creatures
  A hound (D:3)
  Robin (D:3)
  4 gnolls (D:4)
  5 adders
  2 worms (D:3)
  A dart slug (D:3)
  5 ball pythons
  6 bats
  7 endoplasms
  4 giant cockroaches
  18 goblins
  6 hobgoblins
  6 kobolds
  4 quokkas
  3 frilled lizards
  3 rats
76 creatures vanquished.

Vanquished Creatures (others)
  A plant (D:1)
1 creature vanquished.

Grand Total: 77 creatures vanquished

Notes
Turn   | Place    | Note
-------+----------+-------------------------------------------
     0 | D:1      | TinyBigBoy the Troll Berserker began the quest for the Orb.
     0 | D:1      | Reached XP level 1. HP: 22/22 MP: 0/0
   217 | D:1      | Reached XP level 2. HP: 29/29 MP: 1/1
   660 | D:2      | Reached XP level 3. HP: 36/36 MP: 2/2
   720 | D:2      | Reached ** piety under Trog
  1194 | D:3      | Reached XP level 4. HP: 44/44 MP: 3/3
  1250 | D:3      | Reached skill level 4 in Unarmed Combat
  1523 | D:3      | Noticed Robin
  1532 | D:3      | Killed Robin
  1696 | D:3      | Found a hazy altar of Hepliaklqana.
  1696 | D:3      | Found a sacrificial altar of Ru.
  1698 | D:3      | Found a stormy altar of Qazlal.
  1698 | D:3      | Found a broken altar of Ashenzari.
  1816 | D:3      | Reached XP level 5. HP: 53/53 MP: 4/4
  2149 | D:4      | Found a sparkling altar of Nemelex Xobeh.
  2387 | D:4      | Found a staircase to the Ecumenical Temple.
  2395 | Temple   | Entered the Ecumenical Temple
  2590 | D:4      | HP: 1/53 [goblin/bolt of acid (21)]
  2591 | D:4      | Slain by a goblin

Illustrated notes

Levels and vault maps discovered:
D:1:      dpeg_arrival_three_same_balls, layout_loops_ring, serial_shops,
          nicolae_shop_trees, serial_forest, infiniplex_forest_straight_4,
          infiniplex_forest_clump_tiny, infiniplex_forest_lined_ring,
          infiniplex_forest_lined_room_2, infiniplex_forest_fountain,
          infiniplex_forest_zigzag_2, infiniplex_forest_lined_3_way,
          infiniplex_forest_lined_corner
D:2:      layout_loops_ring
D:3:      layout_loops_ring, mainiacjoe_overflow_alcove_3, uniq_robin
D:4:      layout_loops_ring, nicolae_overflow_crystal_walls,
          minmay_temple_entry_waves, uniq_pikel
Temple:   compressed_dpeg_triangle_lava_temple

Skill      XL: |  1  2  3  4 |
---------------+-------------+-----
Dodging        | 3 |  3.3
Unarmed Combat | 4 |  4.9
Fighting       | 3 |  3.0
Stealth        | |  0.6

Action                   |  1- 3 |  4- 6 || total
-------------------------+-------+-------++-------
Melee: Unarmed           |    94 |    95 ||   189
       Punch             |     2 |     2 ||     4
Invok: Berserk           |     1 |     1 ||     2
       Trog's Hand       |       |     1 ||     1
  Use: Scroll            |     4 |     3 ||     7
 Stab: Sleeping          |     1 |     1 ||     2
Armor: Animal skin       |    32 |    21 ||    53
Dodge: Dodged            |    56 |    45 ||   101

Table legend: (Time is in decaauts)
 A = Elapsed time spent in this place.
 B = Non-inter-level travel time spent in this place.
 C = Inter-level travel time spent in this place.
 D = Time resting spent in this place.
 E = Time spent auto-exploring this place.
 F = Levels seen in this place.
 G = Mean time per level.
                   A        B        C        D        E       F      G
               +--------+--------+--------+--------+--------+-----+--------+
         Total |   2594 |   2511 |     83 |    533 |    863 |   5 |  518.8 |
       Dungeon |   2510 |   2427 |     83 |    533 |    863 |   4 |  627.5 |
        Temple |     83 |     83 |      0 |      0 |      0 |   1 |   83.0 |
               +--------+--------+--------+--------+--------+-----+--------+

Top non-repeatable levels by time:
     D:3: 947 daAuts
     D:2: 634 daAuts
     D:4: 537 daAuts
     D:1: 390 daAuts
  Temple: 83 daAuts
